 Dungeon Crawl Stone Soup version 0.19.0 (webtiles) character file.

14 Magifyre the Scratcher (level 2, -1/12 HPs)
             Began as a Felid Transmuter on Nov 11, 2016.
             Killed from afar by a dart slug (6 damage)
             ... with a slug dart
             ... on level 1 of the Dungeon.
             The game lasted 00:00:53 (665 turns).

Magifyre the Scratcher (Felid Transmuter)            Turns: 665, Time: 00:00:55

Health: -1/12      AC:  1    Str:  6    XL:     2   Next: 31%
Magic:  5/6        EV: 18    Int: 14    God:
Gold:   83         SH:  0    Dex: 16    Spells: 1 memorised, 4 levels left
                                        Lives:  0   Deaths: 0

rFire  . . .     SeeInvis +       - Unarmed
rCold  . . .     Gourm    .     (armour unavailable)
rNeg   . . .     Faith    .     (shield unavailable)
rPois  .         Spirit   .     (helmet unavailable)
rElec  .         Reflect  .     (cloak unavailable)
rCorr  .         Harm     .     (gloves unavailable)
MR     .....                    (boots unavailable)
Stlth  ++........               (no amulet)
                                (no ring)
                                (no ring)

@: appendage (expiring), quick
A: no armour, no weapons or thrown items, stealth, claws 1, fangs 3, horns 2,
see invisible, carnivore 3, speed 1, shaggy fur 1, slow metabolism 1, sharp paws
a: End Transformation


You were on level 1 of the Dungeon.
You were very full.
You had grown temporary horns.
You visited 1 branch of the dungeon, and saw 1 of its levels.

You collected 83 gold pieces.

Inventory:

Missiles
 a - 12 arrows
Jewellery
 e - an uncursed ring of ice {unknown}
Scrolls
 d - a scroll of teleportation {unknown}
 f - 2 scrolls of enchant weapon {unknown}
 j - a scroll of fear {unknown}
 k - a scroll of amnesia {unknown}
Potions
 h - a potion of degeneration {unknown}
Books
 b - a book of Changes

   Spells                             Type                      Level
   a - Beastly Appendage              Transmutation                1
   b - Sticks to Snakes               Transmutation                2
   c - Spider Form                    Transmutation/Poison         3
   d - Ice Form                       Ice/Transmutation            4
   e - Blade Hands                    Transmutation                5
Comestibles
 c - 2 meat rations
 g - a beef jerky
 i - a royal jelly


   Skills:
 - Level 1.0 Fighting
 - Level 2.6 Dodging
 + Level 3.8 Unarmed Combat
 - Level 2.0 Spellcasting
 - Level 2.1 Transmutations


You had 4 spell levels left.
You knew the following spells:

 Your Spells              Type           Power        Failure   Level  Hunger
a - Beastly Appendage     Tmut           #.....       12%         1    ##.....


Dungeon Overview and Level Annotations

Branches:
Dungeon (1/15)

Altars:


Innate Abilities, Weirdness & Mutations

You cannot wear armour.
You are incapable of wielding weapons or throwing items.
Your paws allow you to move quietly. (Stealth)
You have sharp claws.
You have razor-sharp teeth.
You have supernaturally acute eyesight. (SInv)
You are carnivorous and can eat meat at any time.
You cover ground quickly.
You are covered in fur. (AC +1)
You have a slow metabolism.
Your sharp claws are effective at attacking unaware monsters.
You have a pair of horns on your head.


Message History

The dart slug launches a dart at you. The slug dart hits you!
Ouch! That really hurt!
You scratch the dart slug.
You headbutt the dart slug, but do no damage.
The dart slug is lightly wounded.
The dart slug completely misses you.
You scratch the dart slug.
The dart slug is moderately wounded.
Your transformation is almost over.
The dart slug bites you.
You scratch the dart slug. You bite the dart slug.
The dart slug is severely wounded.
You scratch the dart slug.
You headbutt the dart slug, but do no damage.
The dart slug is almost dead.
The dart slug launches a dart at you. The slug dart hits you!
Ouch! That really hurt!
You die...

#.# #.#
#.# ..#
#.# ###
#.# #.#
#.# #.# #
#.# #@#
.#
#....w.#
.#
#.#######
.. .##
..# #.# #
###.#
###..<#


You could see a dart slug.

Vanquished Creatures
  2 leopard geckos (D:1)
  A bat (D:1)
  A giant cockroach (D:1)
  2 goblins (D:1)
  2 hobgoblins (D:1)
  A frilled lizard (D:1)
  2 rats (D:1)
11 creatures vanquished.

Notes
Turn   | Place    | Note
-------+----------+-------------------------------------------
     0 | D:1      | Magifyre the Felid Transmuter began the quest for the Orb.
     0 | D:1      | Reached XP level 1. HP: 9/9 MP: 4/4
   446 | D:1      | Reached XP level 2. HP: 10/12 MP: 6/6
   665 | D:1      | Killed from afar by a dart slug

Action                   || total
-------------------------++-------
Melee: Unarmed           ||    31
       Bite              ||     2
       Headbutt          ||     3
 Cast: Beastly Appendage ||     6
 Stab: Sleeping          ||     2
  Eat: Chunk             ||     5
Armor: Skin              ||     1
Dodge: Dodged            ||    20
